 Dungeon Crawl Stone Soup version 0.29.1-1-gd02db6906a (webtiles) character file.

Game seed: 4850387049625994598

67 GigaChad the Trooper (level 3, -1/35 HPs)
             Began as a Minotaur Fighter on Sept 29, 2022.
             Succumbed to a water moccasin's poison
             ... on level 3 of the Dungeon on Sept 30, 2022.
             The game lasted 00:04:12 (1495 turns).

GigaChad the Trooper (Minotaur Fighter)             Turns: 1495, Time: 00:04:13

Health: -1/35      AC:  9    Str: 28    XL:     3   Next: 98%
Magic:  2/2        EV:  8    Int:  5    God:
Gold:   98         SH:  4    Dex:  9    Spells: 2/2 levels left

rFire   . . .      SeeInvis +   a - +0 long sword
rCold   . . .      Faith    .   c - +0 buckler
rNeg    . . .      Spirit   .   j - +0 chain mail
rPois   .          Reflect  .   (helmet restricted)
rElec   .          Harm     .   (no cloak)
rCorr   .          Rampage  .   (no gloves)
Will    .....                   (no boots)
Stlth   ..........              g - amulet of regeneration
HPRegen 0.91/turn               f - +6 ring of strength
MPRegen 0.08/turn               l - ring of see invisible

@: lethally poisoned (-1 -> -8)
A: horns 2, retaliatory headbutt
a: no special abilities


You were on level 3 of the Dungeon.
You visited 1 branch of the dungeon, and saw 3 of its levels.

You collected 98 gold pieces.

Inventory:

Hand Weapons
 a - a +0 long sword (weapon)
Armour
 b - a +0 scale mail
 c - a +0 buckler (worn)
 j - a +0 chain mail (worn)
Jewellery
 f - a +6 ring of strength (left hand)
 g - an amulet of regeneration (around neck)
 k - a ring of protection from fire
 l - a ring of see invisible (right hand)
Scrolls
 e - a scroll of fog {unknown}
 h - 3 scrolls of identify {unknown}
 i - a scroll of teleportation {unknown}
 m - a scroll of vulnerability {unknown}
 n - a scroll of poison {unknown}
 o - 3 scrolls of immolation {unknown}
 p - a scroll of blinking {unknown}
Potions
 d - a potion of might


   Skills:
 + Level 4.8 Fighting
 - Level 2.7 Long Blades
 - Level 4.1 Armour
 - Level 0.2 Dodging
 - Level 4.3 Shields


You had 2 spell levels left.
You didn't know any spells.
Your spell library contained the following spells:

 Spells                   Type           Power      Damage    Failure   Level
 Blink                    Tloc           0%         N/A       99%         2
 Lesser Beckoning         Tloc           0%         N/A       100%        3
 Manifold Assault         Tloc           0%         N/A       100%        5


Dungeon Overview and Level Annotations

Branches:
Dungeon (3/15)

Altars:

Shops:
D:1 [


Innate Abilities, Weirdness & Mutations

You have a pair of horns on your head.
You reflexively headbutt those who attack you in melee.


Message History

The water moccasin is lightly wounded.
The water moccasin barely misses you. The water moccasin bites you.
You closely miss the water moccasin.
The water moccasin is lightly wounded.
The water moccasin bites you. The water moccasin barely misses you.
You miss the water moccasin.
The water moccasin is lightly wounded.
The water moccasin bites you.
You are poisoned.
The water moccasin poisons you! The water moccasin barely misses you.
You miss the water moccasin.
Your headbutt misses the water moccasin.
The water moccasin is lightly wounded.
You feel very sick. The water moccasin closely misses you.
The water moccasin barely misses you. You furiously retaliate!
You headbutt the water moccasin! You hit the water moccasin.
The water moccasin is severely wounded.
You feel very sick. The water moccasin closely misses you.
The water moccasin bites you but does no damage.
You hit the water moccasin but do no damage.
The water moccasin is severely wounded.
You feel very sick. The water moccasin bites you.
You are lethally poisoned!
The water moccasin poisons you! The water moccasin bites you.
You miss the water moccasin. You headbutt the water moccasin.
The water moccasin is severely wounded.
* * * LOW HITPOINT WARNING * * *
You feel extremely sick.
The water moccasin bites you but does no damage.
You barely miss the water moccasin.
The water moccasin is severely wounded.
* * * LOW HITPOINT WARNING * * *
You feel very sick.
The water moccasin bites you but does no damage. x2
You miss the water moccasin.
The water moccasin is severely wounded.
You die...

. #########....
#...$@S......
#.#..........
#.#.##.>.......
#####!#.##.##..<...
#................#.
#>####..##.##...#.#
#..##.##....#
#...........#
#..........)#


You could see a water moccasin.

Vanquished Creatures
  3 adders (D:2)
  2 dart slugs
  4 ball pythons (D:1)
  4 endoplasms (D:1)
  3 giant cockroaches
  3 goblins
  4 jackals (D:1)
  2 kobolds
  2 quokkas (D:1)
  A bat (D:1)
  2 frilled lizards
  5 rats
35 creatures vanquished.

Notes
Turn   | Place    | Note
-------+----------+-------------------------------------------
     0 | D:1      | GigaChad the Minotaur Fighter began the quest for the Orb.
     0 | D:1      | Reached XP level 1. HP: 19/19 MP: 0/0
    16 | D:1      | Found Rufaad's Antique Armour Emporium.
    95 | D:1      | Found a faded altar of an unknown god.
   243 | D:1      | Reached XP level 2. HP: 23/27 MP: 1/1
   535 | D:1      | Reached XP level 3. HP: 29/33 MP: 2/2
  1480 | D:3      | Noticed a water moccasin
  1495 | D:3      | Succumbed to a water moccasin's poison

Illustrated notes

Levels and vault maps discovered:
D:1:      amcnicky_arrival_flooded_fountain, layout_loops_ring, serial_shops,
          nicolae_shop_trees, chequers_ecumenical_altar_island, minmay_domino_4
D:2:      layout_basic
D:3:      layout_loops_ring, gammafunk_temple_overflow_wave, uniq_terence

Skill      XL: |  1  2  3 |
---------------+----------+-----
Shields        | 4 |  4.3
Armour         | 4 |  4.1
Fighting       | 4 |  4.8
Long Blades    | |  2.7
Dodging        | |  0.2

Action                   || total
-------------------------++-------
Melee: Long sword        ||    89
       Headbutt          ||    17
Armor: Scale mail        ||    18
       Chain mail        ||    29
Dodge: Dodged            ||    47
Block: Buckler           ||    29
